 Dungeon Crawl Stone Soup version 0.31-a0-256-g80acddb972 (webtiles) character file.

Game seed: 9541056929981670784

48 British0li the Sneak (level 3, -2/29 HPs)
             Began as a Demonspawn Delver on July 13, 2023.
             Slain by a kobold brigand
             ... wielding a +0 club
              (9 damage)
             ... in a sewer.
             The game lasted 00:02:35 (208 turns).

British0li the Sneak (Demonspawn Delver)             Turns: 208, Time: 00:02:35

Health: -2/29      AC:  3    Str: 14    XL:     3   Next: 50%
Magic:  3/3        EV: 12    Int: 11    God:
Gold:   10         SH:  0    Dex: 14    Spells: 2/2 levels left

rFire   . . .        a - +0 falchion
rCold   . . .        (no shield)
rNeg    . . .        b - +0 leather armour
rPois   .            (no helmet)
rElec   .            (no cloak)
rCorr   .            (no gloves)
SInv    .            (no boots)
Will    .....        d - amulet of regeneration
Stlth   +++          (no ring)
HPRegen 1.04/turn    (no ring)
MPRegen 0.08/turn

%: no passive effects
@: no status effects
A: demonic touch 2
a: no special abilities


You were in a sewer.
You visited 1 branch of the dungeon, and saw 1 of its levels.
You also visited: Sewer.

You collected 10 gold pieces.

Inventory:

Hand Weapons
 a - a +0 falchion (weapon)
Armour
 b - a +0 leather armour (worn)
Jewellery
 d - an amulet of regeneration (around neck)
Wands
 g - a wand of digging (3)
Scrolls
 c - a scroll of fog
 e - a scroll of fear
Potions
 f - a potion of haste


   Skills:
 + Level 3.4 Fighting
 + Level 2.3 Long Blades
 + Level 2.3 Dodging
 + Level 4.8 Stealth


You had 2 spell levels left.
You didn't know any spells.
Your spell library was empty.

Dungeon Overview and Level Annotations

Branches:
Dungeon (5/15)              Sewer (1/1)
 Temple: D:4-7

Altars:


Innate Abilities, Weirdness & Mutations

Your touch may inflict irresistible damage on your foes.


Message History

The jackal barely misses you.
You barely miss the jackal.
You touch the jackal.
You kill the jackal!
The jackal closely misses you.
You closely miss the jackal.
You touch the jackal.
You kill the jackal!
The kobold brigand throws a poisoned dart.
The poisoned dart closely misses you.
The kobold brigand hits you with a +0 short sword.
You hit the kobold brigand but do no damage.
You touch the kobold brigand!
The kobold brigand is moderately wounded.
The kobold brigand splashes around in the water.
You miss the kobold brigand.
You touch the kobold brigand!
The kobold brigand is almost dead.
The kobold brigand closely misses you.
The kobold brigand hits you with a +0 club.
You barely miss the kobold brigand.
The kobold brigand is almost dead.
The kobold brigand barely misses you. x2
You closely miss the kobold brigand.
The kobold brigand is almost dead.
The kobold splashes around in the water.
The kobold brigand closely misses you. The kobold brigand barely misses you.
The kobold hits you with a +0 whip.
You barely miss the kobold brigand. Your touch misses the kobold brigand.
The kobold brigand is almost dead.
The kobold brigand hits you with a +0 short sword.
The kobold brigand hits you with a +0 club.
The kobold completely misses you.
You hit the kobold brigand but do no damage.
Your touch misses the kobold brigand.
The kobold brigand is almost dead.
The kobold brigand hits you with a +0 short sword.
The kobold brigand hits you with a +0 club.
The kobold barely misses you.
The kobold brigand hits you with a +0 short sword.
* * * LOW HITPOINT WARNING * * *
The kobold brigand hits you with a +0 club!
You die...

### #∩# ############ #
###.###..~....~..# .##.
###......~.~~~~~~..#.....
≈~~~~~~~~~~~~~≈≈≈~~#.....
≈≈≈≈≈≈≈≈≈≈≈≈≈≈≈≈≈~.......
≈≈~~~~≈~~~~~~~≈≈≈~)#
###...~.~.~..~~~KK~#
#######~~~~.~.@K.#
##~######### #~# #~# #~#
#~# #~# #~# #~#


You could see 2 kobold brigands and a kobold.

Vanquished Creatures
  An adder (D:5)
  2 river rats (Sewer)
  A white imp (D:5)
  A dart slug (D:5)
  A ball python (D:5)
  2 giant cockroaches (D:5)
  2 jackals (Sewer)
  A kobold (Sewer)
  4 rats (Sewer)
15 creatures vanquished.

Notes
Turn   | Place    | Note
-------+----------+-------------------------------------------
     0 | D:5      | British0li the Demonspawn Delver began the quest for the
                  | Orb.
     0 | D:5      | Reached XP level 1. HP: 18/18 MP: 1/1
    19 | D:5      | Gained mutation: Your touch may inflict minor irresistible
                  | damage on your foes. [demonic ancestry]
    19 | D:5      | Reached XP level 2. HP: 9/24 MP: 2/2
    35 | D:5      | Found a glowing drain.
   108 | Sewer    | Entered a sewer
   118 | Sewer    | Gained mutation: Your touch may inflict irresistible damage
                  | on your foes. [demonic ancestry]
   118 | Sewer    | Reached XP level 3. HP: 22/29 MP: 3/3
   194 | Sewer    | Noticed a kobold brigand
   197 | Sewer    | Noticed a kobold brigand
   208 | Sewer    | Slain by a kobold brigand

Illustrated notes

Levels and vault maps discovered:
D:5:      layout_rooms, cheibrodos_sewer_entry_drain, grunt_ministairs_6,
          nicolae_houndstooth_variations
Sewer:    sewer_kobolds

Skill      XL: |  1 |
---------------+----+-----
Long Blades    | 2 |  2.3
Dodging        | 2 |  2.3
Fighting       | |  3.4
Stealth        | |  4.8

Action                     || total
---------------------------++-------
  Melee: Falchion          ||    49
         Touch             ||    10
    Use: Scroll            ||     1
   Stab: Sleeping          ||     4
 Armour: Leather armour    ||    12
  Dodge: Dodged            ||    25

Table legend: (Time is in decaauts)
 A = Elapsed time spent in this place.
 B = Non-inter-level travel time spent in this place.
 C = Inter-level travel time spent in this place.
 D = Time resting spent in this place.
 E = Time spent auto-exploring this place.
 F = Levels seen in this place.
 G = Mean time per level.
                   A        B        C        D        E       F      G
               +--------+--------+--------+--------+--------+-----+--------+
         Total |    237 |    237 |      0 |     45 |     65 |   2 |  118.5 |
       Dungeon |    113 |    113 |      0 |     45 |      0 |   1 |  113.0 |
         Sewer |    124 |    124 |      0 |      0 |     65 |   1 |  124.0 |
               +--------+--------+--------+--------+--------+-----+--------+

Top non-repeatable levels by time:
   Sewer: 124 daAuts
     D:5: 113 daAuts
